 Dungeon Crawl Stone Soup version 0.32-a0-893-gf85d74f360 (webtiles) character file.

Game seed: 8929587868198987914

261 pokedragonboy the Chopper (level 5, 0/45 HPs)
             Began as an Armataur Warper on Apr 3, 2024.
             Slain by an orc
             ... wielding the +6 mace of Valiance {flame, rElec rC+}
              (3 damage)
             ... on level 3 of the Dungeon.
             The game lasted 00:04:50 (2673 turns).

pokedragonboy the Chopper (Armataur Warper)         Turns: 2673, Time: 00:04:51

Health: 0/45       AC:  8    Str: 18    XL:     5   Next: 96%
Magic:  7/7        EV:  7    Int: 13    God:
Gold:   186        SH:  0    Dex: 10    Spells: 7/7 levels left

rFire   + . .        a - +0 hand axe
rCold   . . .        (no shield)
rNeg    . . .        p - +2 ring mail {rF+}
rPois   .            (no helmet)
rElec   .            l - scarf {shadows}
rCorr   .            (no gloves)
SInv    .            (no barding)
Will    .....        (no amulet) Stlth
                     (no ring)
HPRegen 0.27/turn    (no ring)
MPRegen 0.10/turn

%: roll
@: confused, hasted and slowed
A: large, deformed body, tough skin 3, armoured tail, rollpage 1
a: no special abilities


You were on level 3 of the Dungeon.
You visited 1 branch of the dungeon, and saw 3 of its levels.

You collected 186 gold pieces.

Inventory:

Hand Weapons
 a - a +0 hand axe (weapon)
 n - a +2 whip of flaming
Missiles
 d - 5 darts of dispersal (quivered)
Armour
 l - a scarf of shadows (worn)
 p - a +2 ring mail of fire resistance (worn)
Wands
 b - a wand of mindburst (17)
Scrolls
 c - a scroll of fear {unknown}
 e - a scroll of identify {unknown}
 f - a scroll of enchant weapon {unknown}
 g - 2 scrolls of teleportation
 h - 2 scrolls of revelation
 o - a scroll of brand weapon {unknown}
 s - a scroll of blinking
Potions
 i - a potion of berserk rage
 j - a potion of curing {unknown}
 k - a potion of cancellation {unknown}
 m - 2 potions of haste
 q - a potion of brilliance {unknown}
 r - a potion of degeneration {unknown}


   Skills:
 + Level 3.2 Fighting
 * Level 3.8 Axes
 - Level 0.8 Throwing
 + Level 3.5 Armour
 - Level 1.3 Dodging
 - Level 1.7 Spellcasting
 - Level 3.0 Translocations


You had 7 spell levels left.
You didn't know any spells.
Your spell library contained the following spells:

 Spells                   Type           Power      Damage    Failure   Level
 Blink                    Tloc           16%        N/A       21%         2
 Lesser Beckoning         Tloc           16%        N/A       21%         2
 Maxwell's Portable Pile  Tloc           8%         2d(6-16)  36%         3
 Teleport Other           Tloc           8%         N/A       36%         3
 Vhi's Electric Charge    Tloc/Air       10%        N/A       94%         4


Dungeon Overview and Level Annotations

Branches:
Dungeon (3/15)

Altars:
Qazlal

Annotations:
D:3 Jessica


Innate Abilities, Weirdness & Mutations

Armour fits poorly on your strangely shaped body.
You have extremely tough skin. (AC +3)
You have a long armoured tail.
You regenerate magic when rolling toward enemies. (Rampage MPRegen)


Message History

You hear some strange, mumbled words.
Something tries to affect you, but you resist.
Something hits you. The orc barely misses you.
The orc hits you with the +6 mace of Valiance!
Jessica mumbles some strange words.
Jessica seems to speed up.
You hit the orc but do no damage.
The orc is heavily wounded.
You hit something. You miss something. You hit the orc.
The orc barely misses you. Something hits you.
The orc hits you but does no damage. Something hits you.
Jessica casts a spell at you.
You feel yourself slow down.
You barely miss the orc.
You tail-slap the orc, but do no damage.
The orc is heavily wounded.
You hit the orc but do no damage. You hit Jessica but do no damage.
You closely miss something. You completely miss something.
Jessica barely misses you.
The orc hits you with the +6 mace of Valiance.
Something hits you but does no damage.
You hear some strange, mumbled words.
A magic dart appears from out of thin air!
The magic dart hits you but does no damage.
The orc hits you with a +0 flail of holy wrath.
* * * LOW HITPOINT WARNING * * *
Jessica barely misses you.
The orc hits you with a +0 flail of holy wrath.
* * * LOW HITPOINT WARNING * * *
You hear some strange, mumbled words.
You are confused.
Something hits you but does no damage.
The orc hits you with the +6 mace of Valiance.
* * * LOW HITPOINT WARNING * * *
It was a potion of haste.
You feel yourself speed up. Jessica hits you with a +0 club.
* * * LOW HITPOINT WARNING * * *
Jessica hits you but does no damage.
The orc hits you with the +6 mace of Valiance.
You die...

*
*,**...........<.*,,****.###
* *,**.............**,****,*
*,**,,##...##....#**,,**,*
*,,,,.#..........##.,,,,,*
****,...P....#...#..*,**,*
**,*.#..?...#.....,,.,,,*
*,,,............#,,.)**,*
*,**,#...{o@#...#,.#***,*
*,*,,#...{@....##..##**,*
*,*,,##.#o###........,,,*
*,*,,,,........###.#,****
*,**,#.###.....#*,...*
*,,,..,**#####.##....#
****.*,,,...b#.##....#
*,*,**###.#.##.##.#
*,*,*####.#.......#
*,,,,........#.####


You could see Jessica (fast) and 2 orcs.

Vanquished Creatures
  An orc priest (D:3)
  Ijyb (D:3)
  An iguana (D:2)
  An orc wizard (D:3)
  8 gnolls (D:2)
  A ribbon worm (D:2)
  2 dart slugs (D:1)
  3 orcs (D:3)
  5 ball pythons
  11 bats
  5 endoplasms
  2 giant cockroaches (D:1)
  9 goblins
  4 hobgoblins
  3 quokkas
  6 frilled lizards
  3 kobolds
  2 rats
68 creatures vanquished.

Notes
Turn   | Place    | Note
-------+----------+-------------------------------------------
     0 | D:1      | pokedragonboy the Armataur Warper began the quest for the
                  | Orb.
     0 | D:1      | Reached XP level 1. HP: 17/17 MP: 3/3
   160 | D:1      | Reached XP level 2. HP: 24/24 MP: 4/4
   718 | D:1      | Reached XP level 3. HP: 29/29 MP: 5/5
   825 | D:2      | Found a faded altar of an unknown god.
  1198 | D:2      | Found a stormy altar of Qazlal.
  1278 | D:2      | Reached XP level 4. HP: 11/37 MP: 6/6
  1636 | D:2      | Reached XP level 5. HP: 24/44 MP: 7/7
  2323 | D:3      | Noticed Ijyb
  2336 | D:3      | Killed Ijyb
  2662 | D:3      | Identified the +6 mace of Valiance {flame, rElec rC+}
  2664 | D:3      | Noticed Jessica
  2673 | D:3      | Slain by an orc

Illustrated notes

Levels and vault maps discovered:
D:1:      heliophobic_arrival_glass_houses, layout_loops_ring,
          grunt_decor_resistance
D:2:      layout_basic, basic_altar, chequers_ecumenical_altar_simple_redux,
          serial_glass, glass_columns_a, glass_columns_c,
          minmay_misc_feat_columns, chequers_arboretum, kennysheep_cross_room
D:3:      cheibrodos_old_hovel, layout_loops_cross, minmay_box_of_dots,
          uniq_ijyb, uniq_jessica

Skill      XL: |  1  2  3  4  5 |
---------------+----------------+-----
Fighting       | 2 3 |  3.2
Axes           | 2 3 |  3.8
Armour         | 2 3 |  3.5
Throwing       | |  0.8
Dodging        | |  1.3
Spellcasting   | |  1.7
Translocations | |  3.0

Action                     |  1- 3 |  4- 6 || total
---------------------------+-------+-------++-------
  Melee: Hand axe          |   123 |   127 ||   250
         Tailslap          |    12 |    18 ||    30
  Throw: Dart              |     2 |       ||     2
    Use: Scroll            |     1 |     2 ||     3
         Potion            |     1 |     1 ||     2
 Armour: Leather armour    |   105 |    28 ||   133
         Ring mail         |       |   100 ||   100
  Dodge: Dodged            |    67 |    72 ||   139

Table legend: (Time is in decaauts)
 A = Elapsed time spent in this place.
 B = Non-inter-level travel time spent in this place.
 C = Inter-level travel time spent in this place.
 D = Time resting spent in this place.
 E = Time spent auto-exploring this place.
 F = Levels seen in this place.
 G = Mean time per level.
                   A        B        C        D        E       F      G
               +--------+--------+--------+--------+--------+-----+--------+
         Total |   2721 |   2663 |     58 |    414 |   1697 |   3 |  907.0 |
       Dungeon |   2721 |   2663 |     58 |    414 |   1697 |   3 |  907.0 |
               +--------+--------+--------+--------+--------+-----+--------+

Top non-repeatable levels by time:
     D:2: 1248 daAuts
     D:1: 1110 daAuts
     D:3: 362 daAuts
